 Dungeon Crawl Stone Soup version 0.21.1-1-g345015f (webtiles) character file.

11 inc the Magician (level 2, 0/11 HPs)
             Began as a Felid Wizard on Mar 6, 2018.
             Slain by a jackal (2 damage)
             ... on level 1 of the Dungeon.
             The game lasted 00:00:46 (957 turns).

inc the Magician (Felid Wizard)                      Turns: 957, Time: 00:00:46

Health: 0/11       AC:  1    Str:  3    XL:     2   Next: 13%
Magic:  0/7        EV: 17    Int: 19    God:
Gold:   93         SH:  0    Dex: 14    Spells: 6/7 levels left
                                        Lives:  0   Deaths: 0

rFire    . . .     SeeInvis +   (weapon unavailable)
rCold    . . .     Gourm    .   (shield unavailable)
rNeg     . . .     Faith    .   (armour unavailable)
rPois    .         Spirit   .   (helmet unavailable)
rElec    .         Reflect  .   (cloak unavailable)
rCorr    .         Harm     .   (gloves unavailable)
MR       .....                  (boots unavailable)
Stlth    +++.......             (no amulet)
HPRegen  0.03/turn              (no ring)
MPRegen  0.10/turn              (no ring)

@: very slightly contaminated, quick
A: very small, no armour, no weapons or thrown items, stealth, claws 1, fangs 3,
see invisible, carnivore, speed 1, shaggy fur 1, slow metabolism 1, sharp paws
a: no special abilities


You were on level 1 of the Dungeon.
You were not hungry.

You visited 1 branch of the dungeon, and saw 1 of its levels.

You collected 93 gold pieces.

Inventory:

Jewellery
 f - an uncursed amulet of harm {unknown}
Scrolls
 c - a scroll of blinking {unknown}
 d - a scroll of identify {unknown}
Potions
 e - a potion of resistance {unknown}
 g - a potion of flight {unknown}
Books
 a - a book of Minor Magic

   Spells                             Type                      Level
   a - Magic Dart                     Conjuration                  1
   b - Blink                          Translocation                2
   c - Call Imp                       Summoning                    2
   d - Slow                           Hexes                        2
   e - Conjure Flame                  Conjuration/Fire             3
   f - Mephitic Cloud                 Conjuration/Poison/Air       3
Comestibles
 b - 2 rations


   Skills:
 - Level 2.6 Dodging
 - Level 2.6 Stealth
 - Level 3.0 Spellcasting
 + Level 2.0 Conjurations
   Level 1.0 Summonings
   Level 1.5 Translocations


You had 6 spell levels left.
You knew the following spells:

 Your Spells              Type           Power        Failure   Level  Hunger
a - Magic Dart            Conj           ##..         7%          1    None


Dungeon Overview and Level Annotations

Branches:
Dungeon (1/15)

Altars:


Innate Abilities, Weirdness & Mutations

You cannot wear armour.
You are incapable of wielding weapons or throwing items.
Your paws allow you to move quietly. (Stealth)
You have sharp claws.
You have razor-sharp teeth.
You have supernaturally acute eyesight. (SInv)
You are carnivorous and can eat meat at any time.
You cover ground quickly.
You are covered in fur. (AC +1)
You have a slow metabolism.
Your sharp claws are effective at attacking unaware monsters.


Message History

You barely miss the jackal.
The jackal is moderately wounded.
The jackal closely misses you.
Casting: Magic Dart
Confirm with . or Enter, or press ? or * to list all spells.
Aiming: Magic Dart
Press: ? - help, Shift-Dir - straight line, f/p - jackal
Aim: a jackal (moderately wounded)
You miscast Magic Dart.
You are very lightly contaminated with residual magic.
Nothing appears to happen.
The jackal bites you. x2
Casting: Magic Dart
Confirm with . or Enter, or press ? or * to list all spells.
You don't have enough magic to cast that spell.
Unknown command.
You scratch the jackal but do no damage.
The jackal bites you.
* * * LOW HITPOINT WARNING * * *
The jackal bites you.
You die...

.####'....8......................
'###.........##.........#.#.#.#..
.............##.(.#..............
.................................
.#....####..#.............#......
......# #..#.#...##.##...#.#..#.
......# #..#.#.........)......#.
.#....####..#h##..##.##...###..#†
............#.##@.##.##..........
........##.##.##h.##.##..####).##
....###.##.##..h.................
.....##.##.##..##..#.##..####..##
...#.##........##..#.##..........
...#.#####.#.....................
...#.# #.....##................
...#.#####.##.#########..........
.................................


You could see 2 jackals.

Vanquished Creatures
  A bat (D:1)
  2 giant cockroaches (D:1)
  A goblin (D:1)
  2 jackals (D:1)
  A kobold (D:1)
  A ball python (D:1)
  A rat (D:1)
9 creatures vanquished.

Notes
Turn   | Place    | Note
-------+----------+-------------------------------------------
     0 | D:1      | inc the Felid Wizard began the quest for the Orb.
     0 | D:1      | Reached XP level 1. HP: 7/7 MP: 5/5
    70 | D:1      | Reached skill level 1 in Conjurations
   559 | D:1      | Reached XP level 2. HP: 11/11 MP: 5/7
   957 | D:1      | Slain by a jackal

Skill      XL: |  1  2 |
---------------+-------+-----
Conjurations   | 1 2 |  2.0
Dodging        | |  2.6
Stealth        | |  2.6
Spellcasting   | |  3.0
Summonings     | |  1.0
Translocations | |  1.5

Action                   || total
-------------------------++-------
Melee: Unarmed           ||     5
 Cast: Magic Dart        ||    25
Armor: Skin              ||     1
Dodge: Dodged            ||    18
